 Dungeon Crawl Stone Soup version 0.28-a0-1435-g82390b3a13 (webtiles) character file.

Game seed: 4959925152650798837

15430 gimp the Carver (level 12, -3/92 (100) HPs)
             Began as a Minotaur Gladiator on Jan 9, 2022.
             Was an Elder of Dithmenos.
             Slain by a spectral orc warrior (4 damage)
             ... summoned by Nergalle
             ... on level 11 of the Dungeon.
             The game lasted 00:29:18 (17546 turns).

gimp the Carver (Minotaur Gladiator)               Turns: 17546, Time: 00:29:19

HP:   -3/92 (100)   AC: 19    Str: 20    XL:     12   Next: 1%
MP:   18/18         EV:  8    Int:  5    God:    Dithmenos [****..]
Gold: 730           SH:  9    Dex: 16    Spells: 11/11 levels left

rFire   . . .      SeeInvis .   a - +1 scimitar (flame)
rCold   . . .      Faith    .   G - +2 kite shield
rNeg    . . .      Spirit   .   o - +0 plate armour
rPois   .          Reflect  .   c - +0 hat
rElec   +          Harm     .   (no cloak)
rCorr   .          Rampage  .   (no gloves)
Will    .....                   (no boots)
Stlth   ..........              h - amulet of the acrobat
HPRegen 0.25/turn               D - ring "Fuboz" {Fly rElec}
MPRegen 0.16/turn               k - +4 ring of protection

@: flying, wreathed by umbra, drained
A: horns 2, retaliatory headbutt
a: Renounce Religion, Shadow Step


You were on level 11 of the Dungeon.
You worshipped Dithmenos.
Dithmenos was greatly pleased with you.
You visited 2 branches of the dungeon, and saw 12 of its levels.
You also visited: Sewer.

You collected 1631 gold pieces.
You spent 901 gold pieces at shops.

Inventory:

Hand Weapons
 a - a +1 scimitar of flaming (weapon)
 R - a +0 great sword
Missiles
 b - 41 poisoned darts
 d - 4 throwing nets
 s - 2 curare-tipped darts (quivered)
 y - 2 javelins
Armour
 c - a +0 hat (worn)
 m - a +2 ring mail of fire resistance
 o - a +0 plate armour (worn)
 v - the +0 scale mail of the Original Sin {rPois MP-9 Str+2}
   (You found it on level 4 of the Dungeon)

   Str:       It affects your strength (+2).
   rPois:     It protects you from poison.
   MP:        It affects your magic capacity (-9).
 G - a +2 kite shield (worn)
 U - a +1 scale mail of cold resistance
Jewellery
 h - an amulet of the acrobat (around neck)
 j - a ring of positive energy
 k - a +4 ring of protection (right hand)
 B - a ring of ice
 D - the ring "Fuboz" (left hand) {Fly rElec}
   (You bought it in a shop on level 2 of the Dungeon)

   [ring of flight]

   rElec:     It insulates you from electricity.
   Fly:       It grants you flight.
 E - a ring of see invisible
 Q - a +6 ring of strength
Wands
 f - a wand of paralysis (1)
 J - a wand of digging (2)
 L - a wand of flame (18)
 O - a wand of acid (2)
Scrolls
 e - 11 scrolls of teleportation
 g - 4 scrolls of fog
 l - 2 scrolls of immolation
 q - 3 scrolls of enchant weapon
 r - 3 scrolls of amnesia
 w - a scroll of summoning {unknown}
 C - 2 scrolls of enchant armour
 H - a scroll of torment
 I - 2 scrolls of blinking {unknown}
 M - a scroll of fear
 N - a scroll of holy word {unknown}
 T - 2 scrolls of silence
 V - a scroll of identify
Potions
 i - 4 potions of degeneration {unknown}
 n - 5 potions of haste
 p - 3 potions of might
 t - 2 potions of invisibility {unknown}
 u - 4 potions of magic
 x - 3 potions of curing
 z - a potion of berserk rage
 K - 3 potions of flight
 P - 2 potions of brilliance {unknown}
 S - 2 potions of mutation {unknown}
 W - 2 potions of attraction {unknown}


   Skills:
 - Level 7.0 Fighting
 - Level 14.0 Long Blades
 - Level 2.0 Throwing
 + Level 11.5 Armour
 - Level 8.0 Dodging
 + Level 9.6 Invocations


You had 11 spell levels left.
You didn't know any spells.
Your spell library contained the following spells:

 Spells                   Type           Power      Damage    Failure   Level
 Magic Dart               Conj           0%         1d3       100%        1
 Slow                     Hex            0%         N/A       100%        1
 Searing Ray              Conj           0%         2d4       100%        2
 Confusing Touch          Hex            0%         N/A       100%        3
 Gell's Gravitas          Tloc           0%         N/A       100%        3
 Lesser Beckoning         Tloc           0%         N/A       100%        3
 Teleport Other           Tloc           0%         N/A       100%        3
 Vampiric Draining        Necr           0%         2d6       100%        3
 Fulminant Prism          Conj/Hex       0%         3d6       100%        4


Dungeon Overview and Level Annotations

Branches:
Dungeon (11/15)            Temple (1/1) D:7            Lair (0/6) D:8
    Orc (0/2) D:9           Sewer (visited)

Altars:
Ashenzari
Cheibriados
Dithmenos
Elyvilon
Fedhas
Gozag
Hepliaklqana
Kikubaaqudgha
Makhleb
Nemelex Xobeh
Okawaru
Qazlal
Ru
Sif Muna
Trog
Uskayaw
Vehumet
Wu Jian
Xom
Yredelemnul
Zin
The Shining One

Shops:
D:1 (   D:2 *=?   D:4 ?:

Annotations:
D:11 Nergalle


Innate Abilities, Weirdness & Mutations

You have a pair of horns on your head.
You reflexively headbutt those who attack you in melee.


Message History

You block the spectral orc's attack.
The skeletal warrior hits you with a +0 flail.
The skeletal warrior hits you with a +0 war axe!
* * * LOW HITPOINT WARNING * * *
You take 11 damage, and have 22/92 hp.
Okay, then.
Okay, then.
You block the spectral orc warrior's attack.
The spectral orc misses you.
The spectral orc warrior closely misses you.
You furiously retaliate!
You headbutt the spectral orc warrior.
The skeletal warrior hits you with a +0 flail.
* * * LOW HITPOINT WARNING * * *
The spectral orc warrior closely misses you.
You block the skeletal warrior's attack.
You take 5 damage, and have 17/92 hp.
The spectral orc knight misses you.
The spectral orc warrior completely misses you.
The spectral orc knight completely misses you.
You furiously retaliate!
You headbutt the spectral orc knight.
The spectral orc warrior completely misses you.
You furiously retaliate!
You headbutt the spectral orc warrior.
The spectral orc knight hits you but does no damage.
Nergalle blows her nose.
Nergalle gestures at you while chanting.
Orcish apparitions take form around you.
The spectral orc knight hits you with a +0 great sword.
* * * LOW HITPOINT WARNING * * *
Nergalle points at you and mumbles some strange words.
The bolt of negative energy hits the skeletal warrior.
The skeletal warrior completely resists.
The bolt of negative energy hits the spectral orc warrior.
The spectral orc warrior completely resists.
The bolt of negative energy misses you. You block the spectral orc's attack.
You take 6 damage, and have 12/92 hp.
There is a stone staircase leading up, spattered with blood here.
The spectral orc knight hits you with a +0 great sword!
* * * LOW HITPOINT WARNING * * *
The spectral orc warrior hits you with a +0 hand axe.
You die...

.......###.............#
.........#..............#
.........................#
#......................##..
#.....................##...
#...)...^...........####..#
#..........ZZ.....### #..##
#........ZZZz.o.### ##..##
#.........@Zzz### #..###
#...........## ##>.#
#.........### #..##
#........## ##.##
#......### ##### ##..#
#...>.## ##...###..##
#.....## ##.........##
#....# ##...........# ##.##
##...........##


You could see 3 skeletal warriors, Nergalle, 2 spectral orcs, 3 spectral orc
warriors and a spectral orc knight (summoned).

Vanquished Creatures
  Harold (D:10)
  A hydra (D:10)
  2 two-headed ogres
  A skeletal warrior (D:10)
  Maurice (D:9)
  Maggie (D:10)
  A komodo dragon (D:8)
  An efreet (D:11)
  3 trolls
  2 hornets (D:10)
  5 slime creatures (D:9)
  2 shadows
  3 wraiths
  3 yaks (D:8)
  3 wyverns
  5 basilisks (D:8)
  4 humans (D:7)
  A steam dragon (D:10)
  Edmund (D:3)
  A two-headed ogre zombie (D:9)
  5 water moccasins
  Duvessa (D:7)
  2 ice beasts
  2 sky beasts
  7 orc warriors
  A necrophage (D:7)
  6 ogres
  2 centaurs
  5 kobold brigands
  6 gnoll sergeants
  A bullfrog (D:8)
  2 scorpions
  A wyvern zombie (D:6)
  A water moccasin zombie (D:5)
  Dowan (D:7)
  2 troll zombies (D:9)
  5 wights (D:8)
  20 howler monkeys
  3 centaur zombies
  A bullfrog zombie (D:5)
  9 hounds
  3 jellies
  A centaur skeleton (D:4)
  2 gnoll shamans (D:7)
  7 orc priests
  2 iguanas
  12 orc wizards
  4 ogre zombies (D:9)
  A hound skeleton (D:5)
  14 gnolls
  16 adders
  3 river rats (Sewer)
  A shadow imp (D:7)
  3 white imps
  2 ufetubi (D:5)
  An adder skeleton (D:4)
  3 dart slugs
  36 orcs
  12 ball pythons
  7 endoplasms
  3 giant cockroaches
  8 goblins
  5 hobgoblins
  3 jackals (D:1)
  38 kobolds
  4 quokkas
  5 bats
  5 frilled lizards
  A goblin skeleton (D:9)
  2 goblin zombies (D:9)
  A hobgoblin skeleton (D:9)
  7 orc skeletons (D:9)
  14 orc zombies (D:9)
  25 rats
376 creatures vanquished.

Vanquished Creatures (others)
  A swamp drake (D:8)
  4 fungi (D:5)
  13 plants
18 creatures vanquished.

Grand Total: 394 creatures vanquished

Notes
Turn   | Place    | Note
-------+----------+-------------------------------------------
     0 | D:1      | gimp the Minotaur Gladiator began the quest for the Orb.
     0 | D:1      | Reached XP level 1. HP: 18/18 MP: 0/0
   197 | D:1      | Reached skill level 4 in Long Blades
   213 | D:1      | Reached XP level 2. HP: 19/25 MP: 1/1
   317 | D:1      | Found Orel's Weapon Emporium.
   602 | D:1      | Reached XP level 3. HP: 29/31 MP: 2/2
   763 | D:1      | Found a faded altar of an unknown god.
  1195 | D:2      | Found Otuerem's Magic Scroll Emporium.
  1200 | D:2      | Bought a scroll of fog for 24 gold pieces
  1200 | D:2      | Bought a scroll of identify for 24 gold pieces
  1277 | D:2      | Reached skill level 5 in Long Blades
  1844 | D:2      | Reached XP level 4. HP: 38/38 MP: 3/3
  2175 | D:2      | Found Miuborul's Assorted Antiques.
  2193 | D:2      | Found Eptoc's Jewellery Boutique.
  2378 | D:3      | Reached skill level 6 in Long Blades
  2383 | D:3      | Reached XP level 5. HP: 29/46 MP: 4/4
  2913 | D:3      | Found a glowing drain.
  2924 | Sewer    | Entered a sewer
  3173 | Sewer    | Reached skill level 7 in Long Blades
  3193 | Sewer    | Reached XP level 6. HP: 51/53 MP: 5/5
  3247 | Sewer    | Reached skill level 5 in Fighting
  3673 | D:3      | You fall into a shaft and drop 1 floor!
  3686 | D:4      | Noticed Edmund
  3722 | D:3      | Killed Edmund
  3723 | D:3      | Reached skill level 8 in Long Blades
  4124 | D:3      | Reached XP level 7. HP: 61/61 MP: 6/6
  4297 | D:4      | Found Uttynlur's Book Shoppe.
  4311 | D:4      | Found Loirpha's Magic Scroll Emporium.
  4319 | D:4      | Bought a scroll of identify for 20 gold pieces
  4346 | D:4      | Identified the +0 scale mail of the Original Sin {rPois
                  | MP-9 Str+2}
  4996 | D:5      | Entered Level 5 of the Dungeon
  5009 | D:5      | Reached skill level 9 in Long Blades
  5315 | D:5      | Reached XP level 8. HP: 71/71 MP: 7/7
  5330 | D:5      | Identified a scroll of acquirement
  5330 | D:5      | Acquired 819 gold pieces
  5510 | D:2      | Bought the ring "Fuboz" {Fly rElec} for 378 gold pieces
  5510 | D:2      | Bought a ring of see invisible for 180 gold pieces
  5527 | D:2      | Bought 3 scrolls of teleportation for 225 gold pieces
  5527 | D:2      | Bought a scroll of identify for 50 gold pieces
  5896 | D:5      | Found a sacrificial altar of Ru.
  5905 | D:5      | Reached skill level 10 in Long Blades
  6249 | D:6      | Reached skill level 11 in Long Blades
  6547 | D:6      | Reached skill level 12 in Long Blades
  6944 | D:6      | Reached XP level 9. HP: 62/79 MP: 8/8
  7131 | D:7      | Found a shimmering blue altar of Sif Muna.
  7163 | D:7      | Reached skill level 13 in Long Blades
  7344 | D:7      | Found a staircase to the Ecumenical Temple.
  7353 | Temple   | Entered the Ecumenical Temple
  7591 | Temple   | Became a worshipper of Dithmenos the Shadowed
  7656 | D:7      | Noticed Duvessa
  7656 | D:7      | Noticed Dowan
  7678 | D:7      | Killed Duvessa
  7682 | D:7      | Killed Dowan
  7899 | D:7      | Reached skill level 14 in Long Blades
  7904 | D:7      | Reached skill level 1 in Armour
  7917 | D:7      | Reached skill level 1 in Invocations
  8289 | D:6      | Reached * piety under Dithmenos
  8988 | D:7      | Noticed a troll
  9005 | D:7      | Killed a troll
  9006 | D:7      | Reached skill level 5 in Dodging
  9670 | D:7      | Reached XP level 10. HP: 86/86 MP: 11/11
  9761 | D:7      | Reached skill level 5 in Armour
 10289 | D:7      | Reached ** piety under Dithmenos
 10854 | D:8      | Reached skill level 5 in Invocations
 11788 | D:8      | Found a staircase to the Lair.
 12223 | D:9      | Noticed Maurice
 12531 | D:9      | Reached XP level 11. HP: 92/92 MP: 14/14
 13143 | D:9      | Found a staircase to the Orcish Mines.
 13505 | D:9      | Reached *** piety under Dithmenos
 13797 | D:9      | Killed Maurice
 14244 | D:10     | Entered Level 10 of the Dungeon
 14283 | D:10     | Noticed a two-headed ogre
 14302 | D:10     | Killed a two-headed ogre
 14395 | D:10     | Noticed Maggie
 14412 | D:10     | Killed Maggie
 14587 | D:10     | Reached **** piety under Dithmenos
 15114 | D:10     | Found a basalt altar of Yredelemnul.
 15114 | D:10     | Found an iron altar of Okawaru.
 15174 | D:10     | Reached skill level 10 in Armour
 15572 | D:11     | Noticed a two-headed ogre
 15580 | D:11     | Paralysed by a hornet for 1 turns
 15592 | D:10     | Paralysed by a hornet for 1 turns
 15593 | D:10     | HP: 4/92 [hornet (13)]
 15909 | D:11     | Killed a two-headed ogre
 16130 | D:11     | Noticed Harold
 16175 | D:10     | Killed Harold
 16508 | D:11     | Noticed a five-headed hydra
 16580 | D:10     | Killed a five-headed hydra
 17159 | D:11     | Noticed Nergalle
 17161 | D:11     | Noticed a skeletal warrior
 17163 | D:11     | Noticed a skeletal warrior
 17277 | D:10     | Killed a skeletal warrior
 17278 | D:10     | Reached XP level 12. HP: 38/100 MP: 18/18
 17546 | D:11     | HP: 1/92 [spectral orc knight[Nergalle] (12)]
 17546 | D:11     | Slain by a spectral orc warrior

Illustrated notes

Levels and vault maps discovered:
D:1:      dpeg_arrival_boxorama, layout_loops_cross, serial_shops, shop,
          ebering_ecumenical_altar_petrified, minmay_misc_feat_enclosed,
          minmay_tromino_v4_a
D:2:      minmay_inner_zag, layout_basic, serial_shops,
          nicolae_shop_hallway_stairs, shop, shop
D:3:      layout_basic, cheibrodos_sewer_entry_drain
D:4:      kennysheep_spiral_hall, layout_basic, serial_shops,
          nicolae_diamond_shop, nicolae_shop_advertising_works
          [nicolae_subvault_shop_adworks], hangedman_abyss_or_decor_slice,
          uniq_edmund
D:5:      layout_rooms, nicolae_ru_the_path_less_chosen, columned_hall_lemuel,
          hangedman_decor_diamond_cutter
D:6:      layout_loops_cross, hangedman_abyss_or_decor_passed
D:7:      lemuel_castle_with_subvaults [lemuel_castle_interior_carwin_3],
          layout_basic, nicolae_sif_muna_condensation,
          minmay_temple_entry_junction, grunt_decor_resistance, minmay_ruffians,
          uniq_duvessa
D:8:      layout_basic, erik_lair_dragon
D:9:      layout_basic, zombieorc2_lemuel, uniq_maurice
D:10:     layout_cave_pods, nicolae_overflow_hidden_temple, roderic_lattice_a,
          uniq_maggie
D:11:     layout_cave_pods, chequers_serial_rivers_micro_d, uniq_harold,
          uniq_nergalle
Temple:   dpeg_five_rooms_temple

Skill      XL: |  1  2  3  4  5  6  7  8  9 10 11 |
---------------+----------------------------------+-----
Long Blades    | 4 5 6 7 8 9 12 14 | 14.0
Fighting       | 3 4 5 6 7 |  7.0
Armour         | 4 7 11 | 11.5
Invocations    | 3 6 9 |  9.6
Dodging        | 5 8 |  8.0
Throwing       | |  2.0

Action                   |  1- 3 |  4- 6 |  7- 9 | 10-12 || total
-------------------------+-------+-------+-------+-------++-------
Melee: Long sword        |    90 |   168 |   346 |   607 ||  1211
       Headbutt          |    10 |    21 |    65 |   155 ||   251
       Punch             |     1 |     5 |     3 |       ||     9
       Scimitar          |       |       |       |    32 ||    32
       Dagger            |       |       |       |    13 ||    13
Throw: Dart              |       |       |       |     2 ||     2
Evoke: Wand              |       |     1 |       |     2 ||     3
  Use: Scroll            |       |     6 |    11 |     3 ||    20
       Potion            |       |       |       |     2 ||     2
 Stab: Paralysed         |       |     1 |       |       ||     1
       Confused          |       |       |       |     2 ||     2
Armor: Leather armour    |    30 |     9 |       |       ||    39
       Ring mail         |       |    75 |   101 |   114 ||   290
       Plate armour      |       |       |       |    59 ||    59
Dodge: Dodged            |    70 |   141 |   214 |   317 ||   742
Block: Kite shield       |       |       |    20 |   249 ||   269

Table legend: (Time is in decaauts)
 A = Elapsed time spent in this place.
 B = Non-inter-level travel time spent in this place.
 C = Inter-level travel time spent in this place.
 D = Time resting spent in this place.
 E = Time spent auto-exploring this place.
 F = Levels seen in this place.
 G = Mean time per level.
                   A        B        C        D        E       F      G
               +--------+--------+--------+--------+--------+-----+--------+
         Total |  17504 |  16827 |    677 |   1976 |  11371 |  13 | 1346.5 |
       Dungeon |  16497 |  15874 |    623 |   1976 |  10614 |  11 | 1499.7 |
        Temple |    267 |    213 |     54 |      0 |    201 |   1 |  267.0 |
         Sewer |    739 |    739 |      0 |      0 |    556 |   1 |  739.0 |
               +--------+--------+--------+--------+--------+-----+--------+

Top non-repeatable levels by time:
    D:10: 2471 daAuts
     D:7: 2455 daAuts
     D:9: 1965 daAuts
     D:6: 1865 daAuts
     D:8: 1537 daAuts
     D:2: 1277 daAuts
     D:3: 1229 daAuts
     D:1: 1174 daAuts
     D:5: 896 daAuts
    D:11: 820 daAuts
     D:4: 802 daAuts
   Sewer: 739 daAuts
  Temple: 267 daAuts
